 Dungeon Sprint DCSS version 0.20.1-1-g8b1a95d (webtiles) character file.

4100000 groucho the Formicid Barricade (level 26, -7/242 HPs)
             Began as a Formicid Fighter on Nov 2, 2017.
             Engulfed by a cloud of flame (9 damage)
             ... in the Dungeon (Sprint VIII: "Arena of Blood").
             The game lasted 00:01:43 (41 turns).

groucho the Formicid Barricade (Formicid Fighter)     Turns: 41, Time: 00:01:44

Health: -7/242     AC: 13    Str: 23    XL:     26   Next: 59%
Magic:  25/54      EV: 31    Int: 10    God:
Gold:   0          SH: 19    Dex: 18    Spells: 79/79 levels left

rFire    . . .     SeeInvis +   l - +∞ Axe of Woe
rCold    . . .     Gourm    .   c - +0 shield
rNeg     . . .     Faith    .   b - +0 scale mail
rPois    .         Spirit   .   (helmet unavailable)
rElec    .         Reflect  .   (no cloak)
rCorr    .         Harm     .   (no gloves)
MR       ++...                  (no boots)
Stlth    ++++++++..             (no amulet)
Regen    0.5/turn               (no ring)
MPRegen  0.4/turn               (no ring)

@: no status effects
A: permanent stasis, dig shafts and tunnels, four strong arms, antennae 3
a: Dig


You were in the Dungeon.
You were not hungry.

You visited 1 branch

Inventory:

Hand Weapons
 l - the +∞ Axe of Woe (weapon)
   (You found it in the Dungeon)
Armour
 b - a +0 scale mail (worn)
 c - a +0 shield (worn)
Scrolls
 k - a scroll of blinking
Potions
 d - a potion of might
 e - a potion of curing
 h - a potion of haste
 i - 2 potions of magic
 j - a potion of berserk rage
Comestibles
 f - a bread ration


   Skills:
 O Level 27 Fighting
 O Level 27 Axes
 O Level 27 Throwing
 O Level 27 Armour
 O Level 27 Dodging
 O Level 27 Stealth
 O Level 27 Shields
 O Level 27 Unarmed Combat
 O Level 27 Spellcasting


You had 79 spell levels left.
You didn't know any spells.

Dungeon Overview and Level Annotations

Branches:
Dungeon (1/1)

Altars:
Makhleb


Innate Abilities, Weirdness & Mutations

You cannot be hasted, slowed, berserked, paralysed or teleported.
You can dig through walls and to a lower floor.
Your four strong arms can wield two-handed weapons with a shield.
You have a pair of large antennae on your head. (SInv)


Message History

You chop the bag of meat into pieces!!!
You dissect the bag of meat like a pig carcass.
You kill the bag of meat!
You carve the destroyer like a ham!!! You chop the destroyer into pieces.
You destroy the destroyer!
You have reached level 26!
You hear a shout!
The bag of meat is engulfed in blazing flames.
The large bag of meat is engulfed in blazing flames.
Unknown command.
Press < or > to pray at altars.
You hit the large bag of meat.
You pulverise the large bag of meat into a thin bloody mist.
The large bag of meat explodes!
The fiery explosion engulfs the bag of meat.
The fiery explosion engulfs you!
* * * LOW HITPOINT WARNING * * *
The fiery explosion engulfs the bag of meat.
You are engulfed in blazing flames.
You die...

....... { .....
{.{ #....{ .# ..
#... ..#{{
...###.o. ..###.
......§§###......
#.....o§o_......
#§))).# #@)<)_#
#)))).#
{....._...%.
......###......
{.###.O. ..###.
#... ..# {#.oo .#
z.... ..


You could see a sculptor of flesh, a large bag of meat (inner flame) and 5 bags
of meat.

Vanquished Creatures
  3 vampire knights (D)
  5 ogres (D)
  2 two-headed ogres (D)
  32 orcs (D)
42 creatures vanquished.

Notes
Turn   | Place    | Note
-------+----------+-------------------------------------------
     0 | D        | groucho the Formicid Fighter began the quest for the Orb.
     0 | D        | Reached XP level 1. HP: 18/18 MP: 1/1
     3 | D        | Noticed a bag of meat
     3 | D        | Noticed a bag of meat
     4 | D        | Noticed a bag of meat
     5 | D        | Noticed a bag of meat
     5 | D        | Noticed a bag of meat
     5 | D        | Noticed a bag of meat
     5 | D        | Noticed a meat berserker
     5 | D        | Noticed a bag of meat
     5 | D        | Killed a bag of meat
     5 | D        | Reached skill level 15 in Shields
     5 | D        | Reached XP level 2. HP: 43/43 MP: 2/2
     5 | D        | Reached XP level 3. HP: 49/49 MP: 3/3
     5 | D        | Reached XP level 4. HP: 56/56 MP: 4/4
     5 | D        | Reached XP level 5. HP: 62/62 MP: 5/5
     5 | D        | Reached XP level 6. HP: 69/69 MP: 6/6
     5 | D        | Reached XP level 7. HP: 75/75 MP: 7/7
     5 | D        | Reached XP level 8. HP: 82/82 MP: 8/8
     5 | D        | Reached XP level 9. HP: 88/88 MP: 9/9
     5 | D        | Reached XP level 10. HP: 95/95 MP: 10/10
     5 | D        | Reached XP level 11. HP: 101/101 MP: 11/11
     5 | D        | Reached XP level 12. HP: 108/108 MP: 12/12
     6 | D        | Noticed a bag of meat
     7 | D        | Noticed a bag of meat
     7 | D        | Noticed a bag of meat
     8 | D        | Killed a bag of meat
     8 | D        | Reached skill level 15 in Axes
     8 | D        | Reached XP level 13. HP: 119/119 MP: 13/13
     9 | D        | Killed a meat berserker
     9 | D        | Reached XP level 14. HP: 133/133 MP: 14/14
     9 | D        | Reached XP level 15. HP: 139/139 MP: 15/15
    10 | D        | Reached XP level 16. HP: 118/150 MP: 16/16
    10 | D        | Reached XP level 17. HP: 128/163 MP: 17/17
    12 | D        | Reached XP level 18. HP: 138/175 MP: 18/18
    13 | D        | Noticed a meat berserker
    13 | D        | Reached skill level 27 in Shields
    16 | D        | Reached skill level 27 in Fighting
    16 | D        | Reached skill level 27 in Armour
    16 | D        | Reached XP level 19. HP: 151/189 MP: 19/19
    17 | D        | Killed a meat berserker
    17 | D        | Reached skill level 27 in Axes
    20 | D        | Noticed a meat berserker
    20 | D        | Reached skill level 27 in Dodging
    20 | D        | Reached XP level 20. HP: 158/197 MP: 20/20
    20 | D        | Reached skill level 27 in Unarmed Combat
    20 | D        | Reached XP level 21. HP: 164/204 MP: 21/21
    22 | D        | Noticed a destroyer
    23 | D        | Reached skill level 15 in Throwing
    24 | D        | Noticed a meat berserker
    24 | D        | Killed a meat berserker
    26 | D        | Noticed a destroyer
    26 | D        | Killed a destroyer
    26 | D        | Reached skill level 27 in Throwing
    26 | D        | Reached XP level 22. HP: 173/212 MP: 21/46
    27 | D        | Noticed a meat berserker
    27 | D        | Killed a destroyer
    27 | D        | Reached skill level 27 in Spellcasting
    27 | D        | Reached XP level 23. HP: 179/219 MP: 21/54
    28 | D        | Reached skill level 27 in Stealth
    29 | D        | Noticed a large bag of meat
    31 | D        | Noticed a large bag of meat
    32 | D        | Reached XP level 24. HP: 150/227 MP: 22/54
    34 | D        | Killed a large bag of meat
    34 | D        | Reached XP level 25. HP: 39/234 MP: 23/54
    38 | D        | Noticed a large bag of meat
    40 | D        | Noticed a destroyer
    40 | D        | Killed a destroyer
    40 | D        | Reached XP level 26. HP: 39/242 MP: 24/54
    41 | D        | Killed a large bag of meat
    41 | D        | HP: 2/242 [large bag of meat/exploding inner flame (37)]
    41 | D        | Engulfed by a cloud of flame

Skill      XL: |  1  2  3  4  5  6  7  8  9 10 11 12 13 14 15 16 17 18 19 20 21 22 23 |
---------------+----------------------------------------------------------------------+-----
Fighting       | 14 16 19 20 23 24 27 | 27.0
Axes           | 13 15 17 19 21 22 25 27 | 27.0
Armour         | 14 16 19 20 23 24 27 | 27.0
Dodging        | 12 14 16 17 20 21 23 27 | 27.0
Shields        | 15 17 20 22 24 26 27 | 27.0
Unarmed Combat | 13 27 | 27.0
Throwing       | 7 27 | 27.0
Spellcasting   | 20 27 | 27.0
Stealth        | 20 27 | 27.0

Action                   |  1- 3 |  4- 6 |  7- 9 | 10-12 | 13-15 | 16-18 | 19-21 | 22-24 | 25-27 || total
-------------------------+-------+-------+-------+-------+-------+-------+-------+-------+-------++-------
Melee: Executioner's axe |     1 |       |       |     1 |     2 |     4 |     5 |     5 |     5 ||    23
  Use: Potion            |       |       |       |       |       |       |       |       |     1 ||     1
Dodge: Dodged            |       |       |       |       |       |       |     1 |       |       ||     1
Block: Shield            |       |       |       |       |     2 |       |     1 |     2 |       ||     5
